 Dungeon Crawl Stone Soup version 0.20.1-1-g8b1a95d (webtiles) character file.

198 Gremour the Slasher (level 5, -2/45 HPs)
             Began as a Draconian Monk on Nov 14, 2017.
             Slain by Sigmund
             ... wielding a +0 scythe
              (8 damage)
             ... on level 2 of the Dungeon.
             The game lasted 00:17:06 (3625 turns).

Gremour the Slasher (Draconian Monk)                Turns: 3625, Time: 00:17:07

Health: -2/45      AC:  5    Str: 13    XL:     5   Next: 47%
Magic:  5/5        EV: 13    Int: 11    God:
Gold:   132        SH:  0    Dex: 14    Spells: 4/4 levels left

rFire    + . .     SeeInvis .   a - +1 falchion
rCold    + . .     Gourm    .   (no shield)
rNeg     . . .     Faith    .   (armour unavailable)
rPois    +         Spirit   .   (helmet restricted)
rElec    +         Reflect  .   (no cloak)
rCorr    +         Harm     .   (no gloves)
MR       .....                  (no boots)
Stlth    ++........             (no amulet)
Regen    0.2/turn               (no ring)
MPRegen  0.1/turn               (no ring)

@: resistant
A: unfitting armour, cold-blooded, AC +5
a: no special abilities


You were on level 2 of the Dungeon.
You were not hungry.

You visited 1 branch of the dungeon, and saw 3 of its levels.

You collected 132 gold pieces.

Inventory:

Hand Weapons
 a - a +1 falchion (weapon)
Missiles
 f - 9 tomahawks (quivered)
Wands
 c - a wand of flame (39/48)
Scrolls
 e - 4 scrolls of enchant weapon
 p - a scroll of remove curse
 r - a scroll of recharging
 s - a scroll of enchant armour
Potions
 k - a potion of brilliance
Comestibles
 b - 2 bread rations


   Skills:
 - Level 3.2 Fighting
 + Level 5.4 Long Blades
 - Level 2.6 Dodging
 + Level 3.5 Stealth


You had 4 spell levels left.
You didn't know any spells.

Dungeon Overview and Level Annotations

Branches:
Dungeon (3/15)

Altars:
Ashenzari
Xom

Annotations:
D:2 Sigmund
D:3 Robin


Innate Abilities, Weirdness & Mutations

Your plain brown scales are hard. (AC +5)
You cannot fit into any form of body armour.
You are cold-blooded and may be slowed by cold attacks.


Message History

Aiming: Throw Flame
Press: ? - help, Shift-Dir - straight line This wand has 40 charges left.
You hit something. Something barely misses you.
You closely miss something.
You hear some strange, mumbled words.
A magic dart appears from out of thin air!
The magic dart hits you!
* * * LOW HITPOINT WARNING * * *
Evoke which item? (* to show all) (? for menu, Esc to quit)
Aiming: Throw Flame
Press: ? - help, Shift-Dir - straight line The puff of flame hits something.
This wand has 39 charges left.
You hear some strange, mumbled words.
A puff of flame appears from out of thin air!
The puff of flame hits you!
* * * LOW HITPOINT WARNING * * *
You feel protected. Something hits you!
You die...

#........#...######.###.#.#
###......'<..'....#.#...#.#
######...##########.......#
##....#...# ###.#####
#.....#...## #.#
#.....##...# ###.#..#
#.....##...## #.#.#..##
######.....###.{.#
#.#.#..#. .....'.....#
#..@## #...#..#.
######.....# ##...##
#.###..#. .# #.....#
##...## #.# #.... .#
#.....# ##...## #.###..#.
.# ####### ##...##
#.....)#. .# ##...#
#.###.##. .# #...###.#
#.#.. .# ##...##.# #.#.# .#
#...##.# #.#.#


There were no monsters in sight!

Vanquished Creatures
  Terence (D:2)
  Natasha (twice) (D:3)
  A hound skeleton (D:3)
  An adder (D:2)
  2 worms (D:3)
  3 dart slugs
  2 leopard geckos
  An orc (D:3)
  3 ball pythons
  2 giant cockroaches
  15 goblins
  12 hobgoblins
  7 jackals (D:1)
  3 quokkas
  7 bats
  4 frilled lizards
  10 kobolds
  7 rats
83 creatures vanquished.

Notes
Turn   | Place    | Note
-------+----------+-------------------------------------------
     0 | D:1      | Gremour the Draconian Monk began the quest for the Orb.
     0 | D:1      | Reached XP level 1. HP: 19/19 MP: 1/1
   195 | D:1      | Reached XP level 2. HP: 20/26 MP: 2/2
   696 | D:1      | Reached XP level 3. HP: 30/31 MP: 3/3
   834 | D:2      | Reached skill level 4 in Long Blades
  1636 | D:2      | Found a shattered altar of Ashenzari.
  2027 | D:3      | Reached XP level 4. HP: 30/38 MP: 4/4
  2159 | D:3      | Found a shimmering altar of Xom.
  2168 | D:3      | Noticed Natasha
  2181 | D:3      | Killed Natasha
  2330 | D:3      | Noticed Natasha
  2362 | D:3      | Killed Natasha
  2362 | D:3      | Reached skill level 5 in Long Blades
  2362 | D:3      | Reached XP level 5. HP: 36/45 MP: 5/5
  2379 | D:3      | Noticed Sigmund
  2397 | D:3      | Noticed Terence
  2403 | D:3      | Noticed Robin
  2921 | D:2      | Killed Terence
  3194 | D:2      | HP: 2/45 [Sigmund/magic dart (6)]
  3625 | D:2      | Slain by Sigmund

Skill      XL: |  1  2  3  4 |
---------------+-------------+-----
Stealth        | 2 3 |  3.5
Long Blades    | 4 5 |  5.4
Fighting       | |  3.2
Dodging        | |  2.6

Action                   |  1- 3 |  4- 6 || total
-------------------------+-------+-------++-------
Melee: Falchion          |   151 |   112 ||   263
       Tailslap          |    20 |    14 ||    34
Throw: Tomahawk          |       |     5 ||     5
Evoke: Wand              |       |     9 ||     9
  Use: Potion            |     1 |    11 ||    12
       Scroll            |       |     7 ||     7
 Stab: Sleeping          |    12 |     2 ||    14
       Distracted        |       |     1 ||     1
       Invisible         |       |     2 ||     2
  Eat: Chunk             |     3 |       ||     3
       Meat ration       |       |     1 ||     1
       Bread ration      |       |     1 ||     1
Armor: Skin              |    50 |    21 ||    71
Dodge: Dodged            |   108 |   101 ||   209
       Rpst.: Falchion   |    33 |    27 ||    60
